 Dungeon Crawl Stone Soup version 0.28.0-43-g3370ac3207 (webtiles) character file.

Game seed: 15052331743757140092

25241 pkoi the Grappler (level 12, -1/86 HPs)
             Began as a White Draconian Monk on Mar 18, 2022.
             Was a Priest of Hepliaklqana.
             Killed from afar by an efreet (20 damage)
             ... with a bolt of fire
             ... in a Gauntlet.
             The game lasted 00:40:27 (21583 turns).

pkoi the Grappler (White Draconian Monk)           Turns: 21583, Time: 00:40:28

Health: -1/86      AC: 19    Str: 15    XL:     12   Next: 87%
Magic:  30/30      EV: 15    Int: 14    God:    Hepliaklqana [***...]
Gold:   1125       SH:  5    Dex: 16    Spells: 10/23 levels left

rFire   . . .      SeeInvis .     - Unarmed
rCold   + . .      Faith    .   (no shield)
rNeg    . . .      Spirit   .   (armour unavailable)
rPois   +          Reflect  +   (helmet restricted)
rElec   .          Harm     .   k - +2 cloak {Will+}
rCorr   .          Rampage  .   z - +2 pair of gloves
Will    +....      NoTele   +   A - +0 pair of boots
Stlth   +++.......              c - amulet of reflection
HPRegen 0.24/turn               F - ring of Grace {rPois MP+9 Dex+2}
MPRegen 0.22/turn               r - +4 ring of protection

@: studying Slings
A: reduced essence, breathe frost, AC +8, unfitting armour, cold resistance 1,
cold-blooded
a: Breathe Frost, Renounce Religion, Recall Ancestor, Ancestor Identity,
Transference


You were in a Gauntlet.
You worshipped Hepliaklqana.
Hepliaklqana was most pleased with you.
You visited 3 branches of the dungeon, and saw 15 of its levels.
You also visited: Ossuary and Gauntlet.

You collected 1125 gold pieces.

Inventory:

Hand Weapons
 d - the +6 mace of Gyihucedgh {vorpal, Str-5 Int+7}
   (You found it on level 3 of the Dungeon)

   It inflicts extra damage upon your enemies.
   Str:       It affects your strength (-5).
   Int:       It affects your intelligence (+7).
 q - a +2 whip of venom
Armour
 g - the +2 pair of boots of Umir {rPois rF- Int+8 Dex-3}
   (You found it in a Gauntlet)

   Int:       It affects your intelligence (+8).
   Dex:       It affects your dexterity (-3).
   rF:        It makes you vulnerable to fire.
   rPois:     It protects you from poison.
 k - a +2 cloak of willpower (worn)
 l - the -5 pair of gloves "Neh Etwa" {Rampage *Corrode rN+ Int+8}
   (You found it in a Gauntlet)

   Int:       It affects your intelligence (+8).
   rN:        It protects you from negative energy.
   *Corrode:  It may corrode you when you take damage.
   Rampage:   It bestows one free step when moving towards enemies.
 z - a +2 pair of gloves (worn)
 A - a +0 pair of boots (worn)
Jewellery
 c - an amulet of reflection (around neck)
 n - a ring of protection from cold
 r - a +4 ring of protection (right hand)
 y - a ring of positive energy
 F - the ring of Grace (left hand) {rPois MP+9 Dex+2}
   (You found it on level 10 of the Dungeon)

   [ring of poison resistance]

   Dex:       It affects your dexterity (+2).
   rPois:     It protects you from poison.
   MP:        It affects your magic capacity (+9).
Wands
 b - a wand of mindburst (2)
 m - a wand of polymorph (12)
 p - a wand of flame (2)
 u - a wand of paralysis (5)
Scrolls
 a - a scroll of identify
 e - 3 scrolls of fear
 j - 3 scrolls of enchant armour
 w - a scroll of summoning
 B - a scroll of fog
 D - 2 scrolls of teleportation
 H - a scroll of silence
Potions
 f - 3 potions of curing
 h - a potion of might
 i - a potion of ambrosia
 o - 2 potions of resistance
 t - a potion of berserk rage
 v - a potion of magic
 C - 2 potions of heal wounds
 E - a potion of haste
 G - a potion of flight


   Skills:
 - Level 6.0 Fighting
 - Level 6.0 Dodging
 - Level 6.0 Stealth
 + Level 13.4 Unarmed Combat
 - Level 6.0 Spellcasting
 - Level 2.8 Hexes
 - Level 3.0 Translocations
 + Level 9.3 Transmutations
 - Level 3.6 Ice Magic
 - Level 3.0 Air Magic
 - Level 3.0 Poison Magic
 - Level 2.4 Invocations
 - Level 6.0 Evocations


You had 10 spell levels left.
You knew the following spells:

 Your Spells              Type           Power      Damage    Failure   Level
a - Passwall              Tmut/Erth      14%        N/A       3%          2
b - Poisonous Vapours     Pois/Air       24%        N/A       7%          2
c - Ensorcelled Hibernat  Hex/Ice        26%        N/A       6%          2
d - Blade Hands           Tmut           15%        N/A       10%         5
e - Blink                 Tloc           24%        N/A       7%          2

Your spell library contained the following spells:

 Spells                   Type           Power      Damage    Failure   Level
 Sting                    Tmut/Pois      84%        1d7       1%          1
 Ignite Poison            Fire/Tmut/Pois 15%        N/A       9%          3
 Static Discharge         Conj/Air       8%         N/A       13%         2
 Lesser Beckoning         Tloc           12%        N/A       14%         3
 Portal Projectile        Hex/Tloc       24%        N/A       14%         3
 Swiftness                Air            12%        N/A       14%         3
 Summon Small Mammal      Summ           16%        N/A       16%         1
 Mephitic Cloud           Conj/Pois/Air  9%         N/A       21%         3
 Scorch                   Fire           8%         2d5       24%         2
 Summon Guardian Golem    Hex/Summ       8%         N/A       26%         3
 Olgreb's Toxic Radiance  Pois           12%        N/A       41%         4
 Call Canine Familiar     Summ           4%         N/A       43%         3
 Leda's Liquefaction      Hex/Erth       4%         N/A       65%         4
 Manifold Assault         Tloc           12%        N/A       77%         5
 Flame Wave               Conj/Fire      4%         2d5       83%         4
 Freezing Cloud           Conj/Ice/Air   5%         6-21      87%         5
 Lightning Bolt           Conj/Air       4%         1d15      93%         5
 Statue Form              Tmut/Erth      11%        N/A       98%         6
 Excruciating Wounds      Necr           2%         N/A       99%         5
 Lee's Rapid Deconstruct  Erth           2%         3d5*      99%         5
 Summon Cactus Giant      Summ           2%         N/A       100%        6
 Maxwell's Capacitive Co  Air            6%         ∞         100%        8


Dungeon Overview and Level Annotations

Branches:
Dungeon (10/15)            Temple (1/1) D:7            Lair (4/6) D:8
  Swamp (0/4) Lair:2      Ossuary (visited)         Gauntlet (1/1)
  Snake: Lair:2-4    Spider: Lair:2-4       Orc: D:9-12

Altars:
Ashenzari
Cheibriados
Dithmenos
Elyvilon
Fedhas
Gozag
Hepliaklqana
Kikubaaqudgha
Makhleb
Nemelex Xobeh
Okawaru
Qazlal
Sif Muna
Trog
Uskayaw
Vehumet
Wu Jian
Xom
Zin
The Shining One

Shops:
D:2 :

Annotations:
D:2 Sigmund
D:3 wall vault
Lair:2 2 runed translucent doors, Suk Xiy's ghost, journeyman DrTm Gauntlet 9 transporters


Innate Abilities, Weirdness & Mutations

Your life essence is reduced to manifest your ancestor. (-10% HP)
You can breathe waves of freezing cold which knock back foes.
Your icy white scales are hard. (AC +8)
You cannot fit into any form of body armour.
Your flesh is cold resistant. (rC+)
You are cold-blooded and may be slowed by cold attacks.


Message History

The fire elemental barely misses you.
You see here the -5 pair of gloves "Neh Etwa" {Rampage *Corrode rN+ Int+8}.
l - the -5 pair of gloves "Neh Etwa" {Rampage *Corrode rN+ Int+8} The hell hound closely misses Audrea.
The fire elemental closely misses you. The fire elemental hits you.
The fire elemental burns you!
* * * LOW HITPOINT WARNING * * *
The efreet gestures at you.
The bolt of fire hits the fire elemental.
The fire elemental completely resists.
The bolt of fire hits the fire elemental.
The fire elemental completely resists.
The bolt of fire misses you.
The hell hound fails to trigger a net trap.
The hell hound breathes flames at you.
The blast of flame hits the fire elemental.
The fire elemental completely resists.
The blast of flame hits you.
* * * LOW HITPOINT WARNING * * *
The fire elemental completely misses you.
Unknown command.
Unknown command.
The fire elemental fails to trigger a net trap.
You block the fire elemental's attack.
The hell hound closely misses Audrea.
The efreet enters a dispersal trap!
The hell hound blinks!
The fire elemental blinks! x2; The hell hound blinks!
Audrea blinks!
The fire elemental blinks!
The hell hound blinks!
The fire elemental blinks! x2
The hell hound blinks!
The fire elemental blinks! x2
Audrea blinks!
You blink.
You become entangled in the net!
The efreet blinks!
The fire elemental enters a dispersal trap!
The hell hound blinks!
Audrea blinks!
The hell hound blinks! x2
Audrea blinks!
The fire elemental blinks!
The efreet blinks!
You blink.
The fire elemental blinks!
The hell hound misses you.
Unknown command.
Unknown command.
The efreet gestures at you. The bolt of fire hits you!!
You die...

###############
###########≈#≈#≈#§#≈#≈#≈##
§#≈#§#§#≈#..............§##
................8......8.≈#
...8.....8...............##
...........###########...≈#
########...#..R§h..h.#...##
.....###...#....@..°.#...≈#
.##.########.§§...§.?#...##
.##..Y9#...#.........#...§#
.#.©.#9#©8©#....©.§.©#.8.##
...9##9#...#..R..E^§)#...≈#
###9##(#####....§§.E§#...##
##.....#...#...E☼.§○§#...≈#
########...#§...○....#...##
...........###########...≈#


You could see the friendly Audrea the hexer, an efreet, 3 fire elementals and 2
hell hounds.

Vanquished Creatures
  A hydra (Lair:2)
  A boulder beetle (Lair:3)
  A catoblepas (Lair:3)
  2 death yaks (Lair:2)
  A two-headed ogre (D:10)
  A deep elf pyromancer (D:6)
  3 elephants (Lair:3)
  A cyclops (D:9)
  A black mamba (Lair:4)
  7 cane toads
  6 komodo dragons
  A troll (D:9)
  3 blink frogs
  3 wyverns (D:7)
  30 yaks
  A basilisk (Lair:2)
  Grum (D:8)
  2 steam dragons (D:7)
  An acid dragon (D:8)
  3 water moccasins
  An orc warrior (D:10)
  2 ice beasts
  2 black bears
  2 ogres
  3 centaurs (D:9)
  8 wolves
  An elf zombie (Ossuary)
  A phantom (D:5)
  A kobold brigand (D:7)
  4 bullfrogs
  2 scorpions
  2 water moccasin skeletons
  4 wights (D:6)
  2 electric eels
  A howler monkey (D:5)
  4 centaur zombies
  7 orc priests
  Crazy Yiuf (D:5)
  A bullfrog zombie (D:6)
  3 hounds
  A bullfrog skeleton (D:6)
  A gnoll shaman (D:7)
  11 orc wizards
  A hound zombie (D:5)
  2 mummies (Ossuary)
  7 gnolls
  3 adders
  A shadow imp (D:6)
  An ufetubus (D:4)
  2 worms (D:2)
  4 dart slugs
  28 orcs
  8 ball pythons
  3 endoplasms
  3 giant cockroaches (D:1)
  8 goblins
  7 hobgoblins
  3 jackals (D:4)
  7 quokkas
  4 bats
  5 frilled lizards
  5 gnoll zombies (Ossuary)
  2 goblin zombies (Ossuary)
  4 hobgoblin zombies (Ossuary)
  9 kobolds
  An orc zombie (Ossuary)
  9 rats
262 creatures vanquished.

Vanquished Creatures (collateral kills)
  A hydra (Lair:2)
  3 death yaks
  5 elephants (Lair:3)
  2 cane toads (Lair:1)
  2 komodo dragons
  4 yaks
  A swamp worm (Lair:2)
  A water moccasin (Lair:1)
  A wolf (Lair:1)
  An electric eel (Lair:3)
  2 lava snakes (Lair:3)
23 creatures vanquished.

Vanquished Creatures (others)
  2 electric eels (Lair:3)
  7 hexers
  13 demonic plants (Gauntlet)
  12 fungi
  17 plants
51 creatures vanquished.

Grand Total: 336 creatures vanquished

Notes
Turn   | Place    | Note
-------+----------+-------------------------------------------
     0 | D:1      | pkoi the Draconian Monk began the quest for the Orb.
     0 | D:1      | Reached XP level 1. HP: 19/19 MP: 1/1
   121 | D:1      | Reached XP level 2. HP: 24/26 MP: 2/2
   744 | D:1      | Reached XP level 3. HP: 32/33 MP: 3/3
   922 | D:2      | Reached skill level 4 in Unarmed Combat
  1381 | D:2      | Found Unnanamp's Book Shop.
  1381 | D:2      | Noticed Sigmund
  1766 | D:2      | Found a faded altar of an unknown god.
  2238 | D:3      | Reached XP level 4. HP: 37/40 MP: 4/4
  2920 | D:4      | Noticed a black bear
  2921 | D:4      | Noticed a scorpion
  2938 | D:3      | Killed a scorpion
  2939 | D:3      | Reached skill level 5 in Unarmed Combat
  2939 | D:3      | Reached XP level 5. HP: 39/46 MP: 5/5
  3131 | D:3      | Killed a black bear
  3132 | D:3      | Reached skill level 6 in Unarmed Combat
  3476 | D:4      | Reached XP level 6. HP: 35/52 MP: 6/6
  3868 | D:4      | You fall into a shaft and drop 1 floor!
  3868 | D:5      | Entered Level 5 of the Dungeon
  3972 | D:5      | Found a runed translucent door.
  3973 | D:5      | Noticed Crazy Yiuf
  4019 | D:5      | Reached skill level 7 in Unarmed Combat
  4019 | D:5      | Reached skill level 1 in Evocations
  4335 | D:5      | Found a sand-covered staircase.
  4342 | Ossuary  | Entered an ossuary
  4360 | Ossuary  | Your scales start taking on an icy white colour.
  4360 | Ossuary  | Reached XP level 7. HP: 59/59 MP: 7/7
  4360 | Ossuary  | Gained mutation: Your flesh is cold resistant. (rC+) [White
                  | Draconian growth]
  5077 | D:5      | Reached skill level 8 in Unarmed Combat
  5491 | D:5      | Killed Crazy Yiuf
  5641 | D:6      | Noticed a shadow
  5959 | D:4      | Reached XP level 8. HP: 47/66 MP: 8/8
  6652 | D:6      | Reached skill level 9 in Unarmed Combat
  7453 | D:6      | Noticed a deep elf pyromancer
  7495 | D:7      | Found a staircase to the Ecumenical Temple.
  7507 | Temple   | Entered the Ecumenical Temple
  8038 | D:7      | Reached skill level 10 in Unarmed Combat
  8612 | D:7      | Reached XP level 9. HP: 68/73 MP: 9/9
  8670 | D:7      | Found a shimmering altar of Xom.
  8671 | D:7      | Found a shimmering altar of Xom.
  8712 | D:7      | Found a shimmering altar of Xom.
  8712 | D:7      | Found a shimmering altar of Xom.
  8712 | D:7      | Found a shimmering altar of Xom.
  8712 | D:7      | Found a shimmering altar of Xom.
  8795 | D:7      | Reached skill level 5 in Fighting
  9546 | D:6      | Killed a deep elf pyromancer
  9687 | D:8      | Noticed a komodo dragon
  9695 | D:8      | Killed a komodo dragon
  9696 | D:8      | Reached skill level 11 in Unarmed Combat
  9731 | D:8      | Noticed a komodo dragon
 10101 | D:8      | Learned a level 2 spell: Passwall
 10223 | D:3      | Identified the +6 mace of Gyihucedgh {vorpal, Str-5 Int+7}
 10254 | D:3      | Learned a level 2 spell: Poisonous Vapours
 10258 | D:3      | Learned a level 2 spell: Ensorcelled Hibernation
 10397 | D:7      | Noticed a mana viper
 10553 | D:8      | Noticed Grum
 11113 | D:8      | Identified the +8 long sword "Vegyill" {vorpal, rC++ Str+3
                  | Dex-3}
 11171 | D:8      | Reached skill level 1 in Poison Magic
 11175 | D:8      | Reached skill level 1 in Ice Magic
 11175 | D:8      | Reached skill level 1 in Air Magic
 11175 | D:8      | Reached XP level 10. HP: 70/83 MP: 10/10
 11740 | D:8      | Killed Grum
 11762 | D:8      | Reached skill level 1 in Hexes
 11810 | D:8      | Found a staircase to the Lair.
 11831 | D:8      | Reached skill level 1 in Spellcasting
 11831 | D:8      | Reached skill level 1 in Transmutations
 12445 | D:8      | Reached skill level 5 in Dodging
 12806 | D:9      | Reached skill level 5 in Stealth
 13224 | D:9      | Noticed a cyclops
 13234 | D:9      | Killed a cyclops
 13523 | D:9      | Reached skill level 5 in Evocations
 13888 | D:10     | Entered Level 10 of the Dungeon
 13909 | D:10     | Noticed a two-headed ogre
 13918 | D:10     | Killed a two-headed ogre
 13919 | D:10     | Reached XP level 11. HP: 89/89 MP: 14/14
 14000 | D:10     | Identified the ring of Grace {rPois MP+9 Dex+2}
 14065 | D:10     | Noticed a six-headed hydra
 14147 | D:10     | Found a hazy altar of Hepliaklqana.
 14147 | D:10     | Found an ornate altar of the Wu Jian Council.
 14152 | D:10     | Found a glowing golden altar of the Shining One.
 14155 | D:10     | Became a worshipper of Hepliaklqana the Forgotten
 14155 | D:10     | Reached * piety under Hepliaklqana
 14155 | D:10     | Reached ** piety under Hepliaklqana
 14156 | D:10     | Remembered your ancestor Audrea as a hexer
 14257 | Lair:1   | Entered Level 1 of the Lair of Beasts
 14298 | D:8      | Reached skill level 12 in Unarmed Combat
 14538 | Lair:1   | Learned a level 5 spell: Blade Hands
 15504 | Lair:2   | Noticed a seven-headed hydra
 15652 | Lair:2   | Killed a seven-headed hydra
 15774 | Lair:2   | Noticed a four-headed hydra
 15784 | Lair:2   | Killed a four-headed hydra
 15785 | Lair:2   | Reached skill level 5 in Transmutations
 16663 | Lair:2   | Found a staircase to the Swamp.
 16741 | Lair:2   | Found a large runed translucent door.
 16742 | Lair:2   | Found a large runed translucent door.
 16743 | Lair:2   | Noticed Suk Xiy's ghost (journeyman DrTm)
 16976 | Lair:3   | Noticed a death yak
 17026 | Lair:3   | Noticed a catoblepas
 17039 | Lair:2   | Reached XP level 12. HP: 74/86 MP: 18/18
 17246 | Lair:3   | Killed a catoblepas
 17385 | Lair:3   | Noticed a death yak
 17389 | Lair:3   | Noticed a death yak
 17400 | Lair:3   | Learned a level 2 spell: Blink
 17415 | Lair:3   | Reached *** piety under Hepliaklqana
 17689 | Lair:3   | Noticed a death yak
 17690 | Lair:3   | Noticed a death yak
 17842 | Lair:3   | Noticed a boulder beetle
 17908 | Lair:2   | Reached skill level 1 in Invocations
 18475 | Lair:2   | Killed a death yak
 18476 | Lair:2   | Reached skill level 5 in Spellcasting
 18476 | Lair:2   | Reached skill level 1 in Translocations
 18615 | Lair:2   | Killed a death yak
 18940 | Lair:1   | Killed a death yak
 19034 | Lair:2   | Killed a death yak
 19145 | Lair:2   | Killed a death yak
 19308 | Lair:3   | Killed a boulder beetle
 19727 | Lair:3   | Reached skill level 13 in Unarmed Combat
 21127 | Lair:4   | Found a gate leading to a gauntlet.
 21140 | Gauntlet | Entered a Gauntlet
 21140 | Gauntlet | Found a transporter.
 21143 | Gauntlet | Found a transporter.
 21143 | Gauntlet | Noticed a catoblepas
 21157 | Gauntlet | Found a transporter.
 21162 | Gauntlet | Found a transporter.
 21171 | Gauntlet | Found a transporter.
 21191 | Gauntlet | Noticed a green death
 21194 | Gauntlet | Found a transporter.
 21207 | Gauntlet | Found a transporter.
 21227 | Gauntlet | Found a transporter.
 21231 | Gauntlet | Found a transporter.
 21239 | Gauntlet | Found a transporter.
 21264 | Gauntlet | Found a transporter.
 21264 | Gauntlet | Found a transporter.
 21296 | Gauntlet | Found the +5 demon whip "Spellbinder" {antimagic, Will+}
 21367 | Gauntlet | Identified the +2 pair of boots of Umir {rPois rF- Int+8
                  | Dex-3}
 21574 | Gauntlet | Identified the -5 pair of gloves "Neh Etwa" {Rampage
                  | *Corrode rN+ Int+8}
 21583 | Gauntlet | Killed from afar by an efreet

Illustrated notes

Levels and vault maps discovered:
D:1:      dpeg_arrival_long_road, layout_loops_ring, hex_medium
D:2:      layout_rooms, ebering_ecumenical_altar_box, serial_shops, shop,
          uniq_sigmund
D:3:      minmay_general_purpose_star, layout_basic, due_unseen_surprise
D:4:      layout_loops_ring
D:5:      layout_gridville, nicolae_ossuary_entry_monument,
          uniq_crazy_yiuf_cottage
D:6:      layout_basic, guppyfry_early_elven_hall
D:7:      layout_rooms, xom_shifter_show, minmay_temple_entry_wispy,
          dk_noncrumbling_4
D:8:      layout_gridville, erik_lair_dragon, uniq_grum
D:9:      layout_gridville, nicolae_water_bricks
D:10:     nicolae_cairo_tiling, layout_basic,
          chequers_temple_overflow_minitemple, feat_on_display
Temple:   lightli_temple_of_artemis
Lair:1:   layout_chaotic_city
Lair:2:   layout_misc_corridors, palyth_hydra_swamp_entry,
          ebering_ghost_disaster_area, lemuel_fruit_fields, serial_bayou_shore_a
Lair:3:   layout_hall_layers, nicolae_lair_liquid_snakes
Lair:4:   layout_cave_pods, minmay_snake_entry_spellcaster,
          gauntlet_entry_generic
Gauntlet: minmay_gauntlet_mixed_oops_all_seconds
          [minmay_gauntlet_arena_77_p_blocks,
          gammafunk_gauntlet_arena_arrow_garden,
          minmay_gauntlet_arena_77_braids, gammafunk_gauntlet_arena_open,
          minmay_gauntlet_arena_77_checkered, nicolae_gauntlet_arena_t_cross,
          gauntlet_exit_green]

Skill      XL: |  1  2  3  4  5  6  7  8  9 10 11 12 |
---------------+-------------------------------------+-----
Unarmed Combat | 4 5 6 7 8 10 11 12 13 | 13.4
Fighting       | 4 6 |  6.0
Evocations     | 1 3 4 5 6 |  6.0
Dodging        | 3 4 5 6 |  6.0
Stealth        | 3 4 5 6 |  6.0
Poison Magic   | 1 2 3 |  3.0
Ice Magic      | 1 3 |  3.6
Air Magic      | 1 2 3 |  3.0
Hexes          | 2 |  2.8
Spellcasting   | 2 4 6 |  6.0
Transmutations | 2 6 9 |  9.3
Invocations    | 2 |  2.4
Translocations | 3 |  3.0

Action                   |  1- 3 |  4- 6 |  7- 9 | 10-12 || total
-------------------------+-------+-------+-------+-------++-------
Melee: Unarmed           |   147 |   110 |   375 |   605 ||  1237
       Tailslap          |    19 |    19 |    54 |   142 ||   234
       Punch             |     4 |     4 |    24 |    71 ||   103
       Long sword        |       |       |     7 |     3 ||    10
 Cast: Passwall          |       |       |     2 |       ||     2
       Ensorcelled Hiber |       |       |       |     1 ||     1
       Poisonous Vapours |       |       |       |    45 ||    45
Invok: Recall Ancestor   |       |       |       |     6 ||     6
       Ancestor Life: He |       |       |       |     1 ||     1
       Ancestor Identity |       |       |       |     1 ||     1
       Transference      |       |       |       |     1 ||     1
 Abil: Breathe Frost     |       |       |     5 |     2 ||     7
Evoke: Wand              |       |     8 |     6 |     5 ||    19
  Use: Scroll            |     5 |     4 |     5 |     6 ||    20
       Potion            |     2 |       |     3 |       ||     5
 Stab: Sleeping          |     9 |     1 |     4 |     4 ||    18
       Paralysed         |       |       |     6 |     3 ||     9
       Distracted        |       |       |       |     7 ||     7
       Confused          |       |       |       |     3 ||     3
Armor: Skin              |    36 |    38 |   133 |   199 ||   406
Dodge: Dodged            |    98 |    64 |   230 |   335 ||   727
Block: Other             |     8 |    14 |    55 |   110 ||   187
       Reflection        |       |       |       |     6 ||     6
